 Dungeon Sprint DCSS version 0.30.1-11-g7821555f0a (webtiles) character file.

Game seed: 4505251081991618803

1019 Groucho the Covert (level 8, -3/40 HPs)
             Began as a Felid Transmuter on Jan 8, 2024.
             Was a High Priest of Sif Muna.
             Slain by a bog body (14 damage)
             ... in the Dungeon (Sprint VII: "The Pits").
             The game lasted 00:07:54 (2428 turns).

Groucho the Covert (Felid Transmuter)               Turns: 2428, Time: 00:07:55

Health: -3/40      AC:  2    Str:  6    XL:     8   Next: 2%
Magic:  16/18      EV: 23    Int: 16    God:    Sif Muna [*****.]
Gold:   0          SH:  0    Dex: 17    Spells: 10/20 levels left
                                        Lives:  0   Deaths: 2

rFire   . .          .
                       - Unarmed
rCold   . . .        (shield unavailable)
rNeg    . . .        (body armour unavailable)
rPois   .            (helmet unavailable)
rElec   .            (cloak unavailable)
rCorr   .            (gloves unavailable)
SInv    +            (boots unavailable)
Will    +....        (no amulet)
Stlth   ++++         (no ring)
HPRegen 0.26/turn    (no ring)
MPRegen 0.16/turn

%: no teleportation
@: appendages, wereblooded, slowed, slow
A: horns 2, very small, claws 1, fangs 3, see invisible, speed 1, shaggy fur 2,
stealthy paws, no weapons or thrown items, no armour, multi-lived
a: End Transformation, Renounce Religion, Channel Magic, Forget Spell, Divine
Exegesis


You were in the Dungeon.
You worshipped Sif Muna.
Sif Muna was extremely pleased with you.
You had temporarily grown beastly horns.
You visited 1 branch

Inventory:

Jewellery
 b - a +3 ring of evasion
 c - a +3 ring of intelligence
Scrolls
 i - 5 scrolls of amnesia
 j - a scroll of summoning
Potions
 a - a potion of lignification
 d - 3 potions of heal wounds
 e - 4 potions of magic
 f - 2 potions of berserk rage
 g - a potion of resistance
 h - 4 potions of brilliance
 k - a potion of curing


   Skills:
 + Level 7.1 Fighting
 + Level 9.5 Dodging
 + Level 9.9 Stealth
 + Level 7.7 Unarmed Combat
 + Level 6.5 Spellcasting
 + Level 7.9 Transmutations
 + Level 2.9 Ice Magic
 + Level 5.1 Poison Magic
 + Level 6.5 Invocations


You had 10 spell levels left.
You knew the following spells:

 Your Spells              Type           Power      Damage    Failure   Level
a - Beastly Appendage     Tmut           60%        N/A       1%          1
b - Wereblood             Tmut           30%        N/A       1%          2
c - Spider Form           Tmut/Pois      26%        N/A       2%          3
d - Ice Form              Ice/Tmut       22%        N/A       14%         4

Your spell library contained the following spells:

 Spells                   Type           Power      Damage    Failure   Level
 Magic Dart               Conj           20%        1d4       13%         1
 Mephitic Cloud           Conj/Pois/Air  10%        N/A       19%         3
 Flame Wave               Conj/Fire      5%         2d5       78%         4
 Fulminant Prism          Conj/Hex       2%         3d5       78%         4


Dungeon Overview and Level Annotations

Branches:
Dungeon (1/1)

Altars:
Ashenzari
Cheibriados
Dithmenos
Elyvilon
Fedhas
Gozag
Hepliaklqana
Kikubaaqudgha
Makhleb
Nemelex Xobeh
Okawaru
Qazlal
Ru
Sif Muna
Trog
Uskayaw
Vehumet
Wu Jian
Xom
Yredelemnul
Zin
The Shining One
Jiyva
Lugonu

Annotations:
D Erolcha


Innate Abilities, Weirdness & Mutations

You have temporarily grown beastly horns.
You have sharp claws.
You have razor-sharp teeth.
You have supernaturally acute eyesight. (SInv)
You cover ground quickly. (Speed+)
You are covered in thick fur. (AC +2)
Your paws help you pounce on unaware monsters.
You are incapable of wielding weapons or throwing items.
You cannot wear armour.
You gain extra lives every three experience levels.


Message History

a +0 club; a gnoll skeleton You start waiting.
A bog body is nearby!
A bog body is nearby!
Casting: Beastly Appendage (safe; 1% risk of failure)
Confirm with . or Enter, or press ? or * to list all spells.
Your blood is infused with primal strength.
Casting: Wereblood (safe; 1% risk of failure)
Confirm with . or Enter, or press ? or * to list all spells.
You grow a pair of large bovine horns.
The bog body casts a spell at you. The bolt of cold hits you!!
Ouch! That really hurt!
You are too injured to fight recklessly!
You are too injured to fight recklessly!
You are too injured to fight recklessly!
You are too injured to fight recklessly!
The bog body completely misses you.
Unknown command.
You feel much better. The bog body casts a spell at you.
You feel yourself slow down.
Unknown command.
You closely miss the bog body. Your headbutt misses the bog body.
You claw the bog body.
The bog body is lightly damaged.
The bog body casts a spell at you. You resist with some effort.
You scratch the bog body but do no damage.
You headbutt the bog body, but do no damage.
The bog body is lightly damaged.
The bog body touches you. The bog body freezes you!!
Ouch! That really hurt!
* * * LOW HITPOINT WARNING * * *
You scratch the bog body. You headbutt the bog body.
The bog body is moderately damaged.
The bog body touches you.
* * * LOW HITPOINT WARNING * * *
The bog body freezes you!
You die...

#_______...#######
##########'##.....
#.?(.')))'.##.....
##########.##.....
#...........'.....
#)#####'#####.....
#.#)..#.#[[##.....
#n#...#.#))#####'#
#@#...'.#))##.....
#.##'####))##.....
#.#.....#..##...†.
#.#....)#'###...<.
#.#........##.....
#.#........##.....
#'###########.....
#.......#.. ######
#...#...#)########


You could see a bog body.

Vanquished Creatures
  A flayed ghost (D)
  A wolf spider (D)
  A troll (D)
  A ynoxinul (D)
  An ice beast (D)
  2 scorpions (D)
  A crimson imp (D)
  A jelly (D)
  2 gnolls (D)
  An adder (D)
  A white imp (D)
  A worm (D)
  A bat skeleton (D)
  An endoplasm (D)
  2 jackals (D)
  2 ball python skeletons (D)
  A ball python zombie (D)
  A bat (D)
  A frilled lizard (D)
  3 kobolds (D)
26 creatures vanquished.

Notes
Turn   | Place    | Note
-------+----------+-------------------------------------------
     0 | D        | Groucho the Felid Transmuter began the quest for the Orb.
     0 | D        | Reached XP level 1. HP: 9/9 MP: 4/4
    38 | D        | Found a bloodstained altar of Trog.
    38 | D        | Found a shimmering blue altar of Sif Muna.
    38 | D        | Found a viscous altar of Jiyva.
    38 | D        | Found a hazy altar of Hepliaklqana.
    38 | D        | Found an opulent altar of Gozag.
    39 | D        | Found a glowing golden altar of the Shining One.
    39 | D        | Found a glowing silver altar of Zin.
    39 | D        | Found a basalt altar of Yredelemnul.
    39 | D        | Found a shimmering altar of Xom.
    39 | D        | Found an ornate altar of the Wu Jian Council.
    39 | D        | Found a sacrificial altar of Ru.
    39 | D        | Found a stormy altar of Qazlal.
    39 | D        | Found an iron altar of Okawaru.
    39 | D        | Found a sparkling altar of Nemelex Xobeh.
    39 | D        | Found a burning altar of Makhleb.
    39 | D        | Found a blossoming altar of Fedhas.
    39 | D        | Found a white marble altar of Elyvilon.
    39 | D        | Found a shadowy altar of Dithmenos.
    39 | D        | Found a snail-covered altar of Cheibriados.
    41 | D        | Found a corrupted altar of Lugonu.
    41 | D        | Found a radiant altar of Vehumet.
    42 | D        | Found an ancient bone altar of Kikubaaqudgha.
    42 | D        | Found a hide-covered altar of Uskayaw.
    42 | D        | Found a broken altar of Ashenzari.
    43 | D        | Became a worshipper of Sif Muna the Loreminder
    59 | D        | Reached XP level 2. HP: 13/13 MP: 4/6
   257 | D        | Reached * piety under Sif Muna
   465 | D        | Noticed a scorpion
   487 | D        | Killed a scorpion
   488 | D        | Reached XP level 3. HP: 17/17 MP: 6/8
   488 | D        | Reached XP level 4. HP: 21/21 MP: 6/9
   632 | D        | Learned a level 2 spell: Wereblood
   636 | D        | Learned a level 3 spell: Spider Form
   652 | D        | Noticed a scorpion
   686 | D        | Killed a scorpion
   687 | D        | Reached skill level 5 in Dodging
   687 | D        | Reached skill level 5 in Stealth
   695 | D        | Reached ** piety under Sif Muna
   696 | D        | Reached XP level 5. HP: 20/25 MP: 9/11
   889 | D        | Noticed an ice beast
   912 | D        | Reached skill level 5 in Unarmed Combat
   912 | D        | Reached skill level 1 in Poison Magic
   917 | D        | Killed an ice beast
   917 | D        | Reached *** piety under Sif Muna
   918 | D        | Reached skill level 5 in Transmutations
   918 | D        | Gained mutation: You are covered in thick fur. (AC +2)
                  | [Felid growth]
   918 | D        | Reached XP level 6. HP: 29/29 MP: 11/13
   958 | D        | Reached **** piety under Sif Muna
   961 | D        | Noticed a wolf spider
   972 | D        | Slain by a wolf spider
   973 | D        | Reached XP level 5. HP: -3/25 MP: 13/13
  1016 | D        | HP: 1/25 [wolf spider (8)]
  1021 | D        | HP: 1/25 [wolf spider (13)]
  1026 | D        | Killed a wolf spider
  1027 | D        | Reached skill level 5 in Spellcasting
  1027 | D        | Reached skill level 5 in Invocations
  1027 | D        | Reached XP level 6. HP: 9/31 MP: 13/15
  1027 | D        | Reached XP level 7. HP: 10/34 MP: 13/16
  1426 | D        | Learned a level 4 spell: Ice Form
  1445 | D        | Noticed a ynoxinul
  1446 | D        | Noticed a troll
  1463 | D        | Killed a ynoxinul
  1463 | D        | Reached ***** piety under Sif Muna
  1464 | D        | Reached skill level 1 in Ice Magic
  1467 | D        | Received a gift from Sif Muna
  2002 | D        | Killed a troll
  2053 | D        | Got Sif Muna's Parchment of Concussion {god gift}
  2138 | D        | Noticed a flayed ghost
  2204 | D        | Slain by a flayed ghost
  2205 | D        | Reached XP level 6. HP: -2/31 MP: 13/16
  2227 | D        | Killed a flayed ghost
  2228 | D        | Reached skill level 5 in Poison Magic
  2228 | D        | Reached XP level 7. HP: 36/36 MP: 17/17
  2228 | D        | Reached XP level 8. HP: 40/40 MP: 18/18
  2374 | D        | Noticed a bog body
  2374 | D        | Noticed Erolcha
  2428 | D        | Slain by a bog body

Illustrated notes

Levels and vault maps discovered:
D:        pitsprint [storerooms_1, entrance_room_1, metal_vault_5, armoury_2,
          mini_pit_1, grid_room_1, main_hall_1, silver_pit, the_coven_3,
          the_vestibule_1, steel_vault_1, golden_pit, hallway_of_sentries,
          crystal_vault_6, iron_vault_2, final_vault]

Skill      XL: |  1  2  3  4  5  6  7 |
---------------+----------------------+-----
Dodging        | 3 4 5 8 9 |  9.5
Stealth        | 2 4 5 8 9 |  9.9
Fighting       | 3 6 7 |  7.1
Unarmed Combat | 4 6 7 |  7.7
Spellcasting   | 3 5 6 |  6.5
Transmutations | 3 4 6 7 |  7.9
Invocations    | 2 3 5 6 |  6.5
Poison Magic   | 3 5 4 |  5.1
Ice Magic      | 2 1 |  2.9

Action                     |  1- 3 |  4- 6 |  7- 9 || total
---------------------------+-------+-------+-------++-------
  Melee: Unarmed           |    14 |    59 |    34 ||   107
         Headbutt          |     1 |     9 |     2 ||    12
         Bite              |       |    10 |       ||    10
         Punch             |       |     3 |     1 ||     4
   Cast: Beastly Appendage |     3 |     5 |     2 ||    10
         Spider Form       |       |       |     4 ||     4
         Wereblood         |       |       |     4 ||     4
 Invoke: Channel Magic     |     1 |       |       ||     1
Ability: End Transformatio |       |       |     1 ||     1
    Use: Potion            |     2 |    14 |     2 ||    18
         Scroll            |       |       |     1 ||     1
   Stab: Sleeping          |     3 |     2 |       ||     5
         Invisible         |       |     4 |       ||     4
         Distracted        |       |     1 |       ||     1
 Armour: Skin              |       |     1 |     3 ||     4
  Dodge: Dodged            |    13 |    56 |    75 ||   144
